 Dungeon Crawl Stone Soup version 0.27.1-3-gb3d3a73c9e (webtiles) character file.

Game seed: 1969443794162912231

20 BOMJPIETVODKU the Skirmisher (level 2, 24/24 HPs)
             Began as a Demonspawn Fighter on Oct 31, 2021.
             Quit the game on level 1 of the Dungeon.
             The game lasted 00:01:40 (773 turns).

BOMJPIETVODKU the Skirmisher (Demonspawn Fighter)    Turns: 773, Time: 00:01:41

Health: 24/24      AC:  9    Str: 16    XL:     2   Next: 58%
Magic:  2/2        EV:  4    Int:  9    God:
Gold:   7          SH:  8    Dex: 12    Spells: 1/1 levels left

rFire    . . .     SeeInvis .     - Unarmed
rCold    . . .     Faith    .   b - +0 kite shield
rNeg     . . .     Spirit   .   f - +0 chain mail
rPois    .         Reflect  .   (no helmet)
rElec    .         Harm     .   (no cloak)
rCorr    .         Rampage  .   (no gloves)
Will     .....                  (no boots)
Stlth    ..........             (no amulet)
HPRegen  0.08/turn              (no ring)
MPRegen  0.08/turn              (no ring)

@: no status effects
A: demonic magic 1
a: no special abilities


You were on level 1 of the Dungeon.
You visited 1 branch of the dungeon, and saw 1 of its levels.

You collected 7 gold pieces.

Inventory:

Armour
 a - a +0 scale mail
 b - a +0 kite shield (worn)
 f - a +0 chain mail (worn)
Scrolls
 e - a scroll of fear {unknown}
 h - a scroll of vulnerability {unknown}
Potions
 c - a potion of might
 d - a potion of heal wounds {unknown}
 g - 2 potions of invisibility {unknown}


   Skills:
 + Level 3.2 Fighting
 + Level 3.0 Armour
 + Level 0.3 Dodging
 + Level 2.8 Shields
 * Level 2.1 Unarmed Combat


You had one spell level left.
You didn't know any spells.
Your spell library was empty.

Dungeon Overview and Level Annotations

Branches:
Dungeon (1/15)

Altars:


Innate Abilities, Weirdness & Mutations

Spells you cast may paralyse adjacent enemies.


Message History

You closely miss the kobold.
The kobold is heavily wounded.
The kobold hits you but does no damage. You block the kobold's attack.
Your chain mail prevents you from hitting the kobold.
The kobold is heavily wounded.
The kobold hits you but does no damage.
You hit the kobold.
You kill the kobold!
Your Armour skill increases to level 3!
Things that are here:
a +0 club; a kobold corpse
h - a scroll labelled QEXY LUNIETWASH
Things that are here:
a +0 club; a kobold corpse A rat comes into view.
A rat is nearby!
You block the rat's attack.
You hit the rat.
The rat is moderately wounded.
You block the rat's attack.
You hit the rat.
The rat is severely wounded.
The rat bites you but does no damage. The rat bites you.
You barely miss the rat.
The rat is moderately wounded.
The rat bites you but does no damage.
Your chain mail prevents you from hitting the rat.
The rat is moderately wounded.
The rat bites you.
You hit the rat.
You kill the rat!
You see here a rat corpse.
You see here 20 stones.
You see here 20 stones.
A ball python comes into view.
The ball python hisses angrily.
A ball python is nearby!
A ball python is nearby!
A ball python is nearby!
Are you sure you want to abandon this character and quit the game? (Confirm with "yes".)

#..≈≈≈≈≈≈...####..........######
#....≈≈≈≈≈≈.#......#####.##.....
#....P≈≈≈≈..#.#####.............
#...≈P≈≈≈≈...†# #.####.######.
##..≈≈≈≈≈≈≈...# #.# #.# #...
#..≈≈≈≈≈≈≈...# ###.# ##.## #.##
#...≈P≈≈≈≈...# #...###.#.###...
#....≈≈≈≈P....##.#.##.###......
...P.P≈≈P≈[≈.@#.####..#..#....
...≈.≈≈≈≈≈P≈...# ###.#.#....
...≈P≈≈≈≈≈...## ###.#....
≈≈≈≈≈P≈### #.##... ≈≈.P≈≈≈
#.##... ....S≈≈ #.##.#. ...≈.≈≈
#.##.#. ......≈ #...... ....
####.


You could see a ball python.

Vanquished Creatures
  3 ball pythons (D:1)
  3 endoplasms (D:1)
  A goblin (D:1)
  3 hobgoblins (D:1)
  2 jackals (D:1)
  A kobold (D:1)
  A bat (D:1)
  A frilled lizard (D:1)
  2 rats (D:1)
17 creatures vanquished.

Vanquished Creatures (others)
  3 plants (D:1)
3 creatures vanquished.

Grand Total: 20 creatures vanquished

Notes
Turn   | Place    | Note
-------+----------+-------------------------------------------
     0 | D:1      | BOMJPIETVODKU the Demonspawn Fighter began the quest for
                  | the Orb.
     0 | D:1      | Reached XP level 1. HP: 18/18 MP: 1/1
   180 | D:1      | Gained mutation: Spells you cast may paralyse adjacent
                  | enemies. [demonic ancestry]
   180 | D:1      | Reached XP level 2. HP: 24/24 MP: 2/2
   408 | D:1      | Found a faded altar of an unknown god.
   773 | D:1      | Quit the game

Illustrated notes

Levels and vault maps discovered:
D:1:      mrwooster_arrival_statue, layout_loops_ring,
          hellmonk_ecumenical_altar_leap_of_faith, serial_bayou_lagoon_a,
          chequers_big_river

Skill      XL: |  1  2 |
---------------+-------+-----
Unarmed Combat | 2 |  2.1
Armour         | 3 |  3.0
Fighting       | |  3.2
Dodging        | |  0.3
Shields        | |  2.8

Action                   || total
-------------------------++-------
Melee: Unarmed           ||   107
Armor: Scale mail        ||    39
       Chain mail        ||    14
Dodge: Dodged            ||    26
Block: Kite shield       ||    47
